woodfighter, neutral female human Healer ----- | |....################################ ...| |...| # .......| #....| ##..........| #|..*.# # +-----+--- #|...|# # #-----# # #### # # # # # # # # -+--- # ## #d@d############# .....| # ##-------------- # | # ##|............| +# ##|............. ##.........>...| ... #|............| --- -------------- woodfighter the Empiric Experience level: 5 Strength: 11 Dexterity: 9 Constitution: 14 Intelligence: 12 Wisdom: 15 Charisma: 17 Health: 0(32) Energy: 21(34) Def: 2 Gold: 0 Moves: 2752 Dungeon seed: dEZXE2cz6CGU0Swu Game ID: woodfighter_1502034549 Your Inventory: Weapons a - a +0 scalpel (weapon in hand) Armor e - an uncursed +1 pair of leather gloves (being worn) Comestibles k - 5 blessed eucalyptus leaves l - 2 blessed sprigs of wolfsbane o - 4 uncursed apples t - an uncursed eucalyptus leaf Scrolls f - 2 uncursed scrolls of blank paper h - a blessed scroll of blank paper Wands g - a wand of sleep (0:7) R - a wand of make invisible (0:6) Tools b - an uncursed stethoscope i - an uncursed brass lantern (0:1116) s - an uncursed bag of holding C - a bag of tricks (0:5) Contents of the bag of holding: 574 gold pieces a [uncursed] [+0] elven shield 2 [uncursed] food rations a [uncursed] scroll of blank paper a [uncursed] scroll of destroy armor 2 [uncursed] scrolls of identify 2 [uncursed] scrolls of scare monster a [uncursed] spellbook of knock a [uncursed] spellbook of sleep a [uncursed] spellbook of sleep a [uncursed] potion of blindness a [uncursed] potion of hallucination a [uncursed] ring of poison resistance a [uncursed] [+0] pick-axe Spells and supernatural/magical abilities: Name Level Category Fail Memory h - healing 1 healing 0% 87% x - extra healing 3 healing 12% 87% S - stone to flesh 3 healing 29% 87% W - pray for help -- divine ? -- Your skills at the end: Miscellaneous Skills wands [Basic] Weapon Skills knife [Basic] Spellcasting Skills healing spells [Basic] Final Attributes: You were devoutly aligned. You were poison resistant. You were very stealthy. You are dead. Vanquished creatures: a snake a paper golem a giant ant a hobbit an acid blob 2 geckos a hobgoblin a giant rat a yellow mold a red mold 2 gnomes 4 jackals 2 foxes a kobold 7 newts 3 goblins a sewer rat 6 grid bugs 8 lichens a kobold zombie 46 creatures vanquished. Voluntary challenges: You did not adorn yourself with jewelry or accessories. You did not cause conflict. You were not invisible. You did not have reflection. You were not displaced. You were an atheist. You used a wielded weapon 127 times, starting on turn 1. You did not apply a unicorn horn. You did not use plumbed fixtures. You did not drink any magical draughts. You were illiterate. You never genocided any monsters. You never polymorphed an object. You never changed form. You used no wishes. You never split a pudding. You never wrote Elbereth's name. You never violated your personal moral code. Dungeon overview: The Dungeons of Doom: levels 1 to 10 Level 1 a fountain a long staircase Level 2 a general store Level 3 a general store, a sink Level 4 a fountain stairs to The Gnomish Mines Level 5 (closed shop) a fountain, a sink Level 6 Level 7 Level 9 <- You were here Level 10 The Gnomish Mines: Level 5 stairs to The Dungeons of Doom History has recorded: On T:1 you entered the Dungeons of Doom to retrieve the Amulet of Yendor! On T:134 you reached level 2 of The Dungeons of Doom. On T:243 you advanced to experience level 2. On T:455 you advanced to experience level 3. On T:566 you reached level 3 of The Dungeons of Doom. On T:1253 you advanced to experience level 4. On T:1485 you reached level 4 of The Dungeons of Doom. On T:1739 you reached level 5 of The Dungeons of Doom. On T:1922 you reached level 1 of The Gnomish Mines. On T:2222 you reached level 6 of The Dungeons of Doom. On T:2534 you reached level 7 of The Dungeons of Doom. On T:2556 you reached level 9 of The Dungeons of Doom. On T:2559 you reached level 10 of The Dungeons of Doom. On T:2693 you advanced to experience level 5. Score breakdown: Gold: 0 ( 0 points) Experience: 5 levels ( 400 points) Exploration: 10 levels ( 270 points) Discoveries: 13 items ( 650 points) Variety of kills: 20 monsters ( 1000 points) Major goal: (nothing yet) ( 0 points) Survival: died (score multiplied by 3) Total score: 6960 Latest messages: The wolf bites! You hack the wolf. The wolf is moderately wounded. The wolf bites! You hack the wolf. The wolf is heavily wounded. The wolf bites! Status of the wolf (neutral): Level 5 HP 6(18) Def 6. You feel better. The wolf bites! You slash the wolf. The wolf is heavily wounded. The wolf bites! You hack the wolf. The wolf is horribly wounded. The wolf bites! You slash the wolf. The wolf is almost dead. The wolf bites! You hack the wolf. The wolf is almost dead. The wolf bites! You die... Final status: Goodbye woodfighter the Healer, killed by a wolf... You died in The Dungeons of Doom on dungeon level 9 with 6960 points, and 574 pieces of gold, after 2752 moves. You were level 5 with a maximum of 32 hit points when you died.